 Dungeon Crawl Stone Soup version 0.21-a0-538-gd16b88a (webtiles) character file.

81 tidbits the Grave Robber (level 4, 0/32 HPs)
             Began as a Gnoll Necromancer on Dec 15, 2017.
             Hit by a stone thrown by a kobold (3 damage)
             ... on level 3 of the Dungeon.
             The game lasted 00:05:31 (647 turns).

tidbits the Grave Robber (Gnoll Necromancer)         Turns: 647, Time: 00:05:31

Health: 0/32       AC:  2    Str: 11    XL:     4   Next: 42%
Magic:  5/11       EV: 15    Int: 23    God:
Gold:   152        SH:  0    Dex: 15    Spells: 5/13 levels left

rFire    . . .     SeeInvis .   a - +0 short sword
rCold    . . .     Gourm    .   (no shield)
rNeg     . . .     Faith    .   e - +0 robe
rPois    .         Spirit   .   (no helmet)
rElec    .         Reflect  .   (no cloak)
rCorr    .         Harm     .   (no gloves)
MR       .....                  (no boots)
Stlth    +++.......             (no amulet)
HPRegen  0.10/turn              t - +5 ring of intelligence
MPRegen  0.12/turn              (no ring)

@: hasted, very quick
A: distributed training, fangs 1, strong nose
a: no special abilities


You were on level 3 of the Dungeon.
You were not hungry.

You visited 1 branch of the dungeon, and saw 3 of its levels.

You collected 152 gold pieces.

Inventory:

Hand Weapons
 a - a +0 short sword (weapon)
 h - a cursed -2 hunting sling
 p - a cursed -1 blowgun
 q - a +0 dagger
Missiles
 i - 22 stones (quivered)
 n - 23 arrows
 r - 15 poisoned needles
Armour
 e - a +0 robe (worn)
 m - a +0 leather armour of fire resistance
   (You took it off an orc on level 2 of the Dungeon)
Jewellery
 t - a +5 ring of intelligence (left hand)
   (You found it on level 3 of the Dungeon)
Scrolls
 d - a scroll of fear {unknown}
 f - 3 scrolls of identify {unknown}
 g - 2 scrolls of teleportation
 k - a scroll of enchant weapon {unknown}
 l - a scroll of fog {unknown}
 o - a scroll of amnesia {unknown}
 s - a scroll of immolation {unknown}
Books
 b - a book of Necromancy

   Spells                             Type                      Level
   a - Pain                           Necromancy                   1
   b - Animate Skeleton               Necromancy                   1
   c - Vampiric Draining              Necromancy                   3
   d - Regeneration                   Charms/Necromancy            3
   e - Animate Dead                   Necromancy                   4
   f - Control Undead                 Necromancy                   4
Comestibles
 c - 2 bread rations
 j - a meat ration


   Skills:
 + Level 1.1 Fighting
 + Level 1.1 Short Blades
 + Level 1.1 Long Blades
 + Level 1.1 Axes
 + Level 1.1 Maces & Flails
 + Level 1.1 Polearms
 + Level 1.1 Staves
 + Level 1.1 Slings
 + Level 1.1 Bows
 + Level 1.1 Crossbows
 + Level 1.1 Throwing
 + Level 1.1 Armour
 + Level 4.6 Dodging
 + Level 4.2 Stealth
 + Level 1.1 Shields
 + Level 1.1 Unarmed Combat
 + Level 5.0 Spellcasting
 + Level 0.8 Conjurations
 + Level 0.8 Hexes
 + Level 0.8 Charms
 + Level 0.8 Summonings
 + Level 7.1 Necromancy
 + Level 0.8 Translocations
 + Level 0.8 Transmutations
 + Level 0.8 Fire Magic
 + Level 0.8 Ice Magic
 + Level 0.8 Air Magic
 + Level 0.8 Earth Magic
 + Level 0.8 Poison Magic
 + Level 1.2 Invocations
 + Level 1.1 Evocations


You had 5 spell levels left.
You knew the following spells:

 Your Spells              Type           Power        Failure   Level  Hunger
a - Pain                  Necr           ####         1%          1    None
n - Animate Skeleton      Necr           N/A          1%          1    None
r - Regeneration          Chrm/Necr      ###.......   5%          3    ##.....
v - Vampiric Draining     Necr           #####.....   1%          3    ##.....


Dungeon Overview and Level Annotations

Branches:
Dungeon (3/15)

Altars:
Ashenzari
The Shining One


Innate Abilities, Weirdness & Mutations

Your experience applies equally to all skills.
You have very sharp teeth.
Your uncanny sense of smell can sniff out nearby items.


Message History

The bat writhes in agony!
You kill the bat!
Casting: Pain
Confirm with . or Enter, or press ? or * to list all spells.
Aiming: Pain
Press: ? - help, Shift-Dir - straight line, f - frilled lizard
Aim: a frilled lizard (chance to defeat MR: 93%)
The frilled lizard barely resists.
Casting: Pain
Confirm with . or Enter, or press ? or * to list all spells.
Aiming: Pain
Press: ? - help, Shift-Dir - straight line, f/p - frilled lizard
Aim: a frilled lizard (chance to defeat MR: 93%)
The frilled lizard writhes in agony!
You kill the frilled lizard!
Things that are here:
a knobbly moonstone ring; a frilled lizard corpse
t - a knobbly moonstone ring Put on which piece of jewellery? (? for menu, Esc to quit)
You feel clever.
t - a +5 ring of intelligence (left hand)
There is a stone staircase leading up here.
You climb upwards.
There is a stone staircase leading down here.
You climb downwards.
There is a stone staircase leading up here.
You see here a frilled lizard corpse.
You see here a bat corpse.
Found a blue potion.
An orc comes into view. It is wielding a flail.
An orc priest comes into view.
Found a chain mail.
An orc comes into view. It is wielding a dagger.
The orc priest shouts!
The orc shouts!
You hear a shout!
Found a stone staircase leading down.
An orc comes into view.
Found a bread ration.
An orc comes into view. It is wielding a trident.
A leopard gecko comes into view.
The orc shouts!
A bat comes into view.
The leopard gecko barely misses you.
Casting: Pain
Confirm with . or Enter, or press ? or * to list all spells.
Aiming: Pain
Press: ? - help, Shift-Dir - straight line, f - leopard gecko
Aim: a leopard gecko (chance to defeat MR: 93%)
The leopard gecko writhes in agony!
The bat barely misses you.
The leopard gecko completely misses you.
The orc closely misses you.
Casting: Pain
Confirm with . or Enter, or press ? or * to list all spells.
Aiming: Pain
Press: ? - help, Shift-Dir - straight line, f/p - leopard gecko
Aim: a leopard gecko (moderately wounded, chance to defeat MR: 93%)
The leopard gecko writhes in agony!
The bat closely misses you. The bat misses you.
The leopard gecko barely misses you.
The orc hits you from afar with a trident!
* * * LOW HITPOINT WARNING * * *
It was a potion of haste.
You feel yourself speed up. The bat hits you.
* * * LOW HITPOINT WARNING * * *
The leopard gecko barely misses you. The orc barely misses you.
The leopard gecko misses you. The bat closely misses you.
You miss the bat. The bat closely misses you. The leopard gecko bites you.
* * * LOW HITPOINT WARNING * * *
The orc hits you with a flail.
* * * LOW HITPOINT WARNING * * *
The orc closely misses you. The bat closely misses you.
The leopard gecko closely misses you.
Found 10 gold pieces.
The bat misses you. The bat completely misses you.
The bat completely misses you.
Found a hand axe.
Casting: Pain
Confirm with . or Enter, or press ? or * to list all spells.
Aiming: Pain
Press: ? - help, Shift-Dir - straight line, f/p - leopard gecko
Aim: a leopard gecko (moderately wounded, clinging, chance to defeat MR: 93%)
The bat writhes in agony!
You kill the bat!
Found a scroll labeled MURUUG YPTUWUF.
You see here a scroll labeled MURUUG YPTUWUF.
Casting: Pain
Confirm with . or Enter, or press ? or * to list all spells.
Aiming: Pain
Press: ? - help, Shift-Dir - straight line, f/p - leopard gecko
Aim: a leopard gecko (moderately wounded, clinging, chance to defeat MR: 93%)
The leopard gecko writhes in agony!
You kill the leopard gecko!
o - a scroll labeled MURUUG YPTUWUF
Found a ring mail.
You see here a ring mail.
A kobold comes into view. It is wielding a dagger.
The kobold shouts!
The kobold throws a stone.
The stone hits you but does no damage.
You see here a stone.
The kobold throws a stone.
The stone hits you.
You die...

##.##.>.#
...##...####
##......(..###
## #...........#
..∆
#......†..#.# .#
####...#### ...#
#....)# .###K#
#.....#
####.....#
#.....# #.(@...#
# #......#
#.###..# #
######...# #.#
.# # #..+_#...#
#[# .# #
#.####...# #.#
.. #
#.#......###.#
..
#.#.....).##.# #
###.#.....#.##o#
..o.#....o.....#


You could see a kobold.

Vanquished Creatures
  An orc priest (D:2)
  An adder (D:3)
  An ooze (D:3)
  2 dart slugs
  A leopard gecko (D:3)
  4 orcs (D:2)
  5 bats
  A giant cockroach (D:1)
  5 goblins
  2 hobgoblins
  4 kobolds
  A frilled lizard (D:3)
  A rat (D:3)
29 creatures vanquished.

Notes
Turn   | Place    | Note
-------+----------+-------------------------------------------
     0 | D:1      | tidbits the Gnoll Necromancer began the quest for the Orb.
     0 | D:1      | Reached XP level 1. HP: 13/13 MP: 6/6
    40 | D:1      | Reached XP level 2. HP: 12/19 MP: 3/7
   211 | D:2      | Learned a level 1 spell: Animate Skeleton
   230 | D:2      | Found a glowing golden altar of the Shining One.
   326 | D:2      | Reached skill level 5 in Spellcasting
   326 | D:2      | Reached skill level 1 in Invocations
   326 | D:2      | Reached XP level 3. HP: 14/25 MP: 5/9
   331 | D:2      | Learned a level 3 spell: Vampiric Draining
   335 | D:2      | Learned a level 3 spell: Regeneration
   360 | D:2      | Reached skill level 1 in Fighting
   360 | D:2      | Reached skill level 1 in Short Blades
   360 | D:2      | Reached skill level 1 in Long Blades
   360 | D:2      | Reached skill level 1 in Axes
   360 | D:2      | Reached skill level 1 in Maces & Flails
   360 | D:2      | Reached skill level 1 in Polearms
   360 | D:2      | Reached skill level 1 in Staves
   360 | D:2      | Reached skill level 1 in Slings
   360 | D:2      | Reached skill level 1 in Bows
   360 | D:2      | Reached skill level 1 in Crossbows
   360 | D:2      | Reached skill level 1 in Throwing
   360 | D:2      | Reached skill level 1 in Armour
   360 | D:2      | Reached skill level 1 in Shields
   360 | D:2      | Reached skill level 1 in Unarmed Combat
   360 | D:2      | Reached skill level 1 in Evocations
   447 | D:3      | Reached XP level 4. HP: 22/32 MP: 3/11
   478 | D:3      | Found a shattered altar of Ashenzari.
   623 | D:3      | HP: 3/32 [orc/flail (1)]
   647 | D:3      | Hit by a stone thrown by a kobold

Vault maps used:
D:1:      ncdulo_lavacross
D:2:      cheibrodos_pilgrimage, nicolae_overflow_crystal_walls,
          minmay_door_square
D:3:      ashenzari_conservatory_becter, first_bread

Skill      XL: |  1  2  3 |
---------------+----------+-----
Spellcasting   | 5 |  5.0
Invocations    | 1 |  1.2
Fighting       | 1 |  1.1
Short Blades   | 1 |  1.1
Long Blades    | 1 |  1.1
Axes           | 1 |  1.1
Maces & Flails | 1 |  1.1
Polearms       | 1 |  1.1
Staves         | 1 |  1.1
Slings         | 1 |  1.1
Bows           | 1 |  1.1
Crossbows      | 1 |  1.1
Throwing       | 1 |  1.1
Armour         | 1 |  1.1
Shields        | 1 |  1.1
Unarmed Combat | 1 |  1.1
Evocations     | 1 |  1.1
Dodging        | |  4.6
Stealth        | |  4.2
Conjurations   | |  0.8
Hexes          | |  0.8
Charms         | |  0.8
Summonings     | |  0.8
Necromancy     | |  7.1
Translocations | |  0.8
Transmutations | |  0.8
Fire Magic     | |  0.8
Ice Magic      | |  0.8
Air Magic      | |  0.8
Earth Magic    | |  0.8
Poison Magic   | |  0.8

Action                   |  1- 3 |  4- 6 || total
-------------------------+-------+-------++-------
Melee: Dagger            |       |     4 ||     4
       Short sword       |       |     1 ||     1
 Cast: Pain              |    31 |    22 ||    53
       Regeneration      |     1 |       ||     1
  Use: Scroll            |     1 |       ||     1
       Potion            |       |     1 ||     1
  Eat: Royal jelly       |     1 |       ||     1
       Fruit             |     1 |       ||     1
Armor: Robe              |     1 |     2 ||     3
Dodge: Dodged            |     7 |    22 ||    29

Table legend:
 A = Spawn XP
 B = Non-spawn XP
 C = Spawn XP percentage of total XP
 D = Spawn monster count
 E = Non-spawn monster count
 F = Spawn count percentage of total count
 G = Total turns spent on level
                    A         B        C        D         E        F      G
               +---------+---------+-------+---------+---------+-------+---------
         Total |       0 |     117 |   0.0 |       0 |      29 |   0.0 |   647
               +---------+---------+-------+---------+---------+-------+---------
           D:1 |       0 |      14 |   0.0 |       0 |       7 |   0.0 |   115
           D:2 |       0 |      65 |   0.0 |       0 |       9 |   0.0 |   321
           D:3 |       0 |      38 |   0.0 |       0 |      13 |   0.0 |   211
               +---------+---------+-------+---------+---------+-------+---------

Table legend:
 A = Turns spent in this place as a percentage of turns spent in the entire game.
 B = Non-inter-level travel turns spent in this place as a percentage of non-inter-level travel turns spent in the entire game.
 C = Inter-level travel turns spent in this place as a percentage of turns spent in this place.
 D = Turns resting spent in this place as a percentage of non-inter-level travel turns spent in this place.
 E = Turns spent auto-exploring this place as a percentage of non-inter-level travel turns spent in this place.
 F = Non-inter-level travel turns spent in this place divided by the number of levels of this place that you've seen.
                   A       B       C       D       E      F
               +-------+-------+-------+-------+-------+----------------------
         Total | 100.0 | 100.0 |   0.0 |   0.9 |   0.0 | 215.7
       Dungeon | 100.0 | 100.0 |   0.0 |   0.9 |   0.0 | 215.7
               +-------+-------+-------+-------+-------+----------------------

Table legend:
 A = Kills in this place as a percentage of kills in entire the game.
 B = Kills by you in this place as a percentage of kills by you in the entire game.
 C = Kills by friends in this place as a percentage of kills by friends in the entire game.
 D = Other kills in this place as a percentage of other kills in the entire game.
 E = Experience gained in this place as a percentage of experience gained in the entire game.
 F = Experience gained in this place divided by the number of levels of this place that you have seen.
                   A       B       C       D       E      F
               +-------+-------+-------+-------+-------+----------------------
         Total | 100.0 | 100.0 |   N/A |   N/A | 100.0 |  39.0
       Dungeon | 100.0 | 100.0 |   N/A |   N/A | 100.0 |  39.0
               +-------+-------+-------+-------+-------+----------------------

Vault maps used:
D:1:      ncdulo_lavacross
D:2:      cheibrodos_pilgrimage, nicolae_overflow_crystal_walls,
          minmay_door_square
D:3:      ashenzari_conservatory_becter, first_bread
